 Dungeon Crawl Stone Soup version 0.30-a0-177-g1cb5dbfd7a (webtiles) character file.

Game seed: 16023883526643984442

35 Sobieck the Trooper (level 3, 0/21 HPs)
             Began as a Vine Stalker Fighter on Oct 2, 2022.
             Killed from afar by Natasha (4 damage)
             ... with a magic dart
             ... on level 2 of the Dungeon.
             The game lasted 00:01:42 (946 turns).

Sobieck the Trooper (Vine Stalker Fighter)           Turns: 946, Time: 00:01:43

Health: 0/21       AC:  6    Str: 18    XL:     3   Next: 35%
Magic:  0/4        EV:  9    Int:  8    God:
Gold:   89         SH:  5    Dex: 15    Spells: 2/2 levels left

rFire   . . .      SeeInvis .    a - +0 rapier {short}
rCold   . . .      Faith    .    c - +0 buckler
rNeg    . . .      Spirit   +    b - +0 scale mail
rPois   .          Reflect  .    (no helmet)
rElec   .          Harm     .    (no cloak)
rCorr   .          Rampage  .    (no gloves)
Will    .....                    (no boots)
Stlth   ..........               (no amulet)
HPRegen 0.23/turn                (no ring)
MPRegen 0.09/turn                (no ring)

@: no status effects
A: fangs 2, magic shield, antimagic bite, no potion heal 2
a: no special abilities


You were on level 2 of the Dungeon.
You visited 1 branch of the dungeon, and saw 2 of its levels.

You collected 89 gold pieces.


Innate Abilities, Weirdness & Mutations

You have extremely sharp teeth.
When hurt, damage is shared between your health and your magic reserves.
Your bite disrupts and absorbs the magic of your enemies.
Potions cannot restore your health.


   Skills:
 + Level 3.8 Fighting
 - Level 2.0 Short Blades
 - Level 2.4 Armour
 - Level 2.6 Shields


You had 2 spell levels left.
You didn't know any spells.
Your spell library contained the following spells:

 Spells                   Type           Power      Damage    Failure   Level
 Cigotuvi's Dreadful Rot  Necr/Pois/Air  0%         N/A       95%         2
 Poisonous Vapours        Pois/Air       0%         N/A       95%         2

Inventory:

Hand Weapons
 a - a +0 rapier (weapon) {short}
Missiles
 m - 15 stones (quivered) {throwing}
 n - 4 poisoned darts {throwing}
Armour
 b - a +0 scale mail (worn)
 c - a +0 buckler (worn)
 e - a +0 robe
   (You found it on level 1 of the Dungeon)
 j - a +0 scale mail
   (You found it on level 1 of the Dungeon)
Scrolls
 g - 2 scrolls of enchant weapon {unknown}
 h - 2 scrolls of identify {unknown}
 k - a scroll of enchant armour {unknown}
Potions
 d - a potion of might
 f - a potion of lignification {unknown}
 i - a potion of flight {unknown}
 l - 2 potions of curing {unknown}

Dungeon Overview and Level Annotations

Branches:
Dungeon (2/15) Zot: 11037

Altars:

Annotations:
D:2 Natasha

#.......<..........#
####..####...#####.^
#.. #...### #..
###.#...## #.
##...###..## #..###
##..# #.## ####
#..#### ##.@h5#
####l# #.# #g# #5##
#h.# #.l.......
...#...<... ...#.
.#.....


You could see Natasha, a crimson imp (summoned) and a frilled lizard.


Message History

You kill the jackal!
No target in view!
No target in view!
Done exploring.
Done exploring.
(D) Dungeon
Where to? (? - help)
You enter the shallow water.
Moving in this stuff is going to be slow.
There is a stone staircase leading down here.
You climb downwards.
There is a stone staircase leading up here.
Unknown command.
Unknown command.
Unknown command.
Found a stone staircase leading up.
Unknown command.
A ball python comes into view.
The ball python hisses angrily.
Danger!
You closely miss the ball python. Your bite misses the ball python.
The ball python closely misses you. You block the ball python's attack.
You closely miss the ball python. You block the ball python's attack.
The ball python closely misses you.
You barely miss the ball python. Your bite misses the ball python.
The ball python bites you but does no damage.
You block the ball python's attack.
The ball python bites you but does no damage.
The ball python grabs you. The ball python constricts you.
You hit the ball python.
You kill the ball python!
No target in view!
No target in view!
l - 2 puce potions (gained 1)
A dart slug comes into view.
Danger!
The dart slug launches a dart at you. The slug dart misses you.
You hit the dart slug. You bite the dart slug. You drain its power.
You hit the dart slug.
You bite the dart slug, but do no damage.
The dart slug bites you but does no damage.
You hit the dart slug.
You bite the dart slug, but do no damage.
The dart slug barely misses you.
A dart slug is nearby!
You hit the dart slug.
You kill the dart slug!
A frilled lizard comes into view.
Found a jewelled fluorescent wand.
Found an escape hatch in the ceiling.
The frilled lizard hisses angrily.
A rat comes into view.
You see here a dart slug corpse.
Danger!
A goblin comes into view. It is wielding a +0 dagger.
The goblin shouts!
You hear an angry hiss.
Natasha, Servant of Life and Death comes into view.
Unknown command.
You see here a dart slug corpse.
Natasha casts a spell.
Unknown command.
Unknown command.
Natasha mumbles some strange words.
Unknown command.
Danger!
Unknown command.
You closely miss the goblin. The goblin closely misses you.
You completely miss the goblin. Your bite misses the goblin.
The goblin hits you with a +0 dagger.
You barely miss the goblin. The goblin hits you with a +0 dagger.
You hit the goblin. The goblin hits you with a +0 dagger.
You hit the goblin.
You kill the goblin!
Natasha casts a spell.
You closely miss the crimson imp.
The crimson imp blinks!
Natasha claws you but does no damage.
You closely miss Natasha. You bite Natasha, but do no damage.
You block Natasha's attack.
Unknown command.
You hit Natasha but do no damage. You bite Natasha, but do no damage.
Natasha claws you but does no damage.
You closely miss Natasha. You bite Natasha, but do no damage.
Natasha barely misses you.
The crimson imp lashes its tail.
Unknown command.
You hit Natasha. Natasha claws you.
You closely miss Natasha. Natasha claws you!
* * * LOW HITPOINT WARNING * * *
Natasha claws you.
* * * LOW HITPOINT WARNING * * *
Unknown command.
You closely miss Natasha. You block Natasha's attack.
Unknown command.
You hit Natasha. Natasha claws you but does no damage.
Unknown command.
You closely miss Natasha.
Natasha stares at you and mumbles some strange words.
The magic dart hits you.
You die...

Skill      XL: |  1 |
---------------+----+-----
Short Blades   | 2 |  2.0
Fighting       | 3 |  3.8
Armour         | |  2.4
Shields        | |  2.6

Action                   || total
-------------------------++-------
Melee: Rapier            ||    89
       Bite              ||    22
Armor: Scale mail        ||    47
Dodge: Dodged            ||    37
Block: Buckler           ||    15

Levels and vault maps discovered:
D:1:      ebering_trefoil_twist, layout_loops_cross, serial_aquarium,
          aquarium_bridge_square [aquarium_subvault_balcony,
          aquarium_subvault_bridge, aquarium_subvault_balcony,
          aquarium_subvault_wall], aquarium_bridge_island_large
          [aquarium_subvault_large_4_pools, aquarium_subvault_balcony,
          aquarium_subvault_wall, aquarium_subvault_bridge,
          aquarium_subvault_bridge], aquarium_window_3, aquarium_window_fake,
          aquarium_window_fake, aquarium_view_2f, aquarium_view_2e,
          chequers_ecumenical_altar_island, minmay_tetromino_i4
D:2:      layout_rooms, st_stairs_5, minmay_lizard_king, uniq_robin,
          uniq_terence, uniq_natasha

Notes
Turn   | Place    | Note
-------+----------+-------------------------------------------
     0 | D:1      | Sobieck the Vine Stalker Fighter began the quest for the
                  | Orb.
     0 | D:1      | Reached XP level 1. HP: 11/11 MP: 2/2
    45 | D:1      | Reached skill level 2 in Short Blades
    50 | D:1      | Reached skill level 3 in Fighting
    50 | D:1      | Reached XP level 2. HP: 15/16 MP: 1/3
   188 | D:1      | You pick up a book of Vapours and begin reading...
   188 | D:1      | You add the spells Poisonous Vapours and Cigotuvi's
                  | Dreadful Rot to your library.
   522 | D:1      | Reached XP level 3. HP: 18/20 MP: 4/4
   804 | D:1      | Found a faded altar of an unknown god.
   924 | D:2      | Noticed Natasha
   943 | D:2      | HP: 3/21 [Natasha (4)]
   946 | D:2      | Killed from afar by Natasha

Vanquished Creatures
  2 dart slugs
  A ball python (D:2)
  2 endoplasms (D:1)
  A giant cockroach (D:1)
  3 goblins
  4 hobgoblins (D:1)
  3 jackals (D:1)
  2 kobolds (D:1)
  5 bats (D:1)
  A frilled lizard (D:1)
  2 rats (D:1)
26 creatures vanquished.

Table legend:
 A = Non-vault XP
 B = Vault XP
 C = Vault XP percentage of total XP
 D = Non-vault monster count
 E = Vault monster count
 F = Vault count percentage of total count
                 A         B        C        D         E       F
            +---------+---------+-------+---------+---------+-------
      Total |      43 |       8 |  15.7 |      22 |       4 |  15.4
            +---------+---------+-------+---------+---------+-------
        D:1 |      35 |       8 |  18.6 |      19 |       4 |  17.4
        D:2 |       8 |       0 |   0.0 |       3 |       0 |   0.0
            +---------+---------+-------+---------+---------+-------

Illustrated notes

Table legend:
 A = Kills in this place as a percentage of kills in entire the game.
 B = Kills by you in this place as a percentage of kills by you in the entire game.
 C = Kills by friends in this place as a percentage of kills by friends in the entire game.
 D = Other kills in this place as a percentage of other kills in the entire game.
 E = Experience gained in this place as a percentage of experience gained in the entire game.
 F = Experience gained in this place divided by the number of levels of this place that you have seen.
                   A       B       C       D       E      F
               +-------+-------+-------+-------+-------+----------------------
         Total | 100.0 | 100.0 |   N/A |   N/A | 100.0 |  25.5
       Dungeon | 100.0 | 100.0 |   N/A |   N/A | 100.0 |  25.5
               +-------+-------+-------+-------+-------+----------------------

Table legend: (Time is in decaauts)
 A = Elapsed time spent in this place.
 B = Non-inter-level travel time spent in this place.
 C = Inter-level travel time spent in this place.
 D = Time resting spent in this place.
 E = Time spent auto-exploring this place.
 F = Levels seen in this place.
 G = Mean time per level.
                   A        B        C        D        E       F      G
               +--------+--------+--------+--------+--------+-----+--------+
         Total |    961 |    949 |     12 |      0 |    765 |   2 |  480.5 |
       Dungeon |    961 |    949 |     12 |      0 |    765 |   2 |  480.5 |
               +--------+--------+--------+--------+--------+-----+--------+

Top non-repeatable levels by time:
     D:1: 883 daAuts
     D:2: 77 daAuts
